 Dungeon Crawl Stone Soup version 0.28.0 (webtiles) character file.

Game seed: 1668100732300820616

59 HallandMoats the Poker (level 3, 0/33 HPs)
             Began as a Minotaur Monk on Feb 7, 2022.
             Was a Follower of Uskayaw.
             Slain by an endoplasm (1 damage)
             ... on level 2 of the Dungeon.
             The game lasted 00:01:23 (1406 turns).

HallandMoats the Poker (Minotaur Monk)              Turns: 1406, Time: 00:01:23

Health: 0/33       AC:  0    Str: 15    XL:     3   Next: 78%
Magic:  2/2        EV: 13    Int:  7    God:    Uskayaw [*.....]
Gold:   71         SH:  0    Dex: 14    Spells: 2/2 levels left

rFire   . . .      SeeInvis .   a - +0 spear
rCold   . . .      Faith    .   (no shield)
rNeg    . . .      Spirit   .   (no armour)
rPois   .          Reflect  .   (helmet restricted)
rElec   .          Harm     .   (no cloak)
rCorr   .          Rampage  .   (no gloves)
Will    .....                   (no boots)
Stlth   ++........              (no amulet)
HPRegen 0.11/turn               (no ring)
MPRegen 0.08/turn               (no ring)

@: no status effects
A: horns 2, retaliatory headbutt
a: Renounce Religion, Stomp


You were on level 2 of the Dungeon.
You worshipped Uskayaw.
Uskayaw was noncommittal.
You visited 1 branch of the dungeon, and saw 2 of its levels.

You collected 71 gold pieces.

Inventory:

Hand Weapons
 a - a +0 spear (weapon)
Armour
 b - a +0 robe
 k - a +0 ring mail
Scrolls
 e - a scroll of enchant armour {unknown}
 g - a scroll of vulnerability {unknown}
 j - a scroll of identify {unknown}
Potions
 c - a potion of brilliance {unknown}
 d - 2 potions of mutation {unknown}
 f - a potion of curing {unknown}
 h - a potion of flight {unknown}
 i - a potion of ambrosia {unknown}


   Skills:
 + Level 4.0 Fighting
 + Level 4.1 Polearms
 + Level 1.4 Armour
 + Level 3.6 Dodging
 - Level 1.5 Stealth
 + Level 1.2 Shields
 + Level 1.1 Invocations


You had 2 spell levels left.
You didn't know any spells.
Your spell library was empty.

Dungeon Overview and Level Annotations

Branches:
Dungeon (2/15)

Altars:
Uskayaw


Innate Abilities, Weirdness & Mutations

You have a pair of horns on your head.
You reflexively headbutt those who attack you in melee.


Message History

You can now pass through a line of other dancers.
You can no longer pass through a line of other dancers.
You see here a +0 ring mail.
k - a +0 ring mail You start removing your armour.
You continue taking off your +0 robe. x3
The endoplasm closely misses you.
You continue taking off your +0 robe.
The endoplasm hits you but does no damage.
You finish taking off your +0 robe.
The endoplasm barely misses you. The endoplasm misses you.
The endoplasm barely misses you. The endoplasm hits you.
The endoplasm barely misses you. The endoplasm hits you.
The endoplasm freezes you.
You are frozen.
The endoplasm freezes you.
You are frozen.
The endoplasm freezes you.
You are frozen.
The endoplasm hits you. The endoplasm freezes you.
You are frozen.
The endoplasm hits you.
* * * LOW HITPOINT WARNING * * *
The endoplasm barely misses you. You furiously retaliate!
You headbutt the endoplasm. The endoplasm freezes you.
You are frozen.
* * * LOW HITPOINT WARNING * * *
The endoplasm closely misses you. The endoplasm hits you.
* * * LOW HITPOINT WARNING * * *
The endoplasm closely misses you. The endoplasm hits you.
* * * LOW HITPOINT WARNING * * *
The endoplasm completely misses you. The endoplasm hits you.
You die...

# #.###....#..P.###.#
# #......P#..g....#
##
.##..PPPP.#..PP..$#
.#
#...P.....#.PJ.P..PP#
.#
#P.....PPP_..P.P.P..#
.#
#...P...P.#PP..PPP..#
.#
##..P.g..#...PP.P##.#
.#
..#....JPP#.PPPP..#
.# .###
....###..@.#PPP.###..
.†.# .# #.#########..
.. ##.##.# #. ...
##....# # ..
#....#...# #.##.# ##
#.# .# ..# .# ### .


You could see an endoplasm and a goblin.

Vanquished Creatures
  An adder (D:2)
  A worm (D:2)
  2 dart slugs (D:1)
  2 ball pythons (D:2)
  5 endoplasms (D:1)
  9 goblins
  5 hobgoblins
  3 quokkas (D:1)
  2 bats (D:1)
  2 frilled lizards (D:1)
  4 kobolds
  3 rats (D:1)
39 creatures vanquished.

Vanquished Creatures (others)
  A demonic plant (D:2)
  2 plants (D:1)
3 creatures vanquished.

Grand Total: 42 creatures vanquished

Notes
Turn   | Place    | Note
-------+----------+-------------------------------------------
     0 | D:1      | HallandMoats the Minotaur Monk began the quest for the Orb.
     0 | D:1      | Reached XP level 1. HP: 19/19 MP: 0/0
    78 | D:1      | Reached XP level 2. HP: 11/27 MP: 1/1
   499 | D:1      | Reached skill level 1 in Armour
   723 | D:1      | Reached XP level 3. HP: 33/33 MP: 2/2
   787 | D:1      | Reached skill level 1 in Shields
   973 | D:2      | Reached skill level 1 in Invocations
  1367 | D:2      | Found a faded altar of an unknown god.
  1376 | D:2      | Prayed at the altar of an unknown god.
  1376 | D:2      | Became a worshipper of Uskayaw the Reveller
  1376 | D:2      | Reached * piety under Uskayaw
  1376 | D:2      | Reached ** piety under Uskayaw
  1404 | D:2      | HP: 1/33 [endoplasm (3)]
  1406 | D:2      | Slain by an endoplasm

Illustrated notes

Levels and vault maps discovered:
D:1:      minmay_arrival_doors, layout_loops_ring,
          hangedman_decor_diamond_cutter, serial_bayou_pond_c
D:2:      layout_rooms, shapermc_ecumenical_altar_gd

Skill      XL: |  1  2  3 |
---------------+----------+-----
Armour         | 1 |  1.4
Polearms       | 4 |  4.1
Shields        | 1 |  1.2
Fighting       | 4 |  4.0
Invocations    | 1 |  1.1
Dodging        | |  3.6
Stealth        | |  1.5

Action                   || total
-------------------------++-------
Melee: Spear             ||   111
       Headbutt          ||     9
 Stab: Sleeping          ||     6
       Distracted        ||     2
Armor: Robe              ||    12
Dodge: Dodged            ||    51
